 Dungeon Crawl Stone Soup version 0.16-a0-3758-g7fc8210 (webtiles) character file.

825707 trelanon the Meteorologist (level 27, 0/137 HPs)
             Began as a Vine Stalker Assassin on Jan 23, 2015.
             Was the Champion of the Shining One.
             Succumbed to Uniezxal's bolt of poison
             ... on level 18 of a ziggurat.
             The game lasted 06:35:13 (89500 turns).

trelanon the Meteorologist (Vine Stalker Assassin) Turns: 89500, Time: 06:35:13

Health: 0/137      AC: 35    Str: 14    XL:     27
Magic:  0/48       EV: 40    Int: 16    God:    the Shining One [******]
Gold:   5418       SH:  0    Dex: 35    Spells: 9 memorised, 33 levels left

rFire  + + +     SeeInvis .     a - +9 lajatang (speed)
rCold  . . .     Clarity  .     C - +6 faerie dragon armour {MR+}
rNeg   + + +     SustAb   .     (no shield)
rPois  .         Gourm    .     o - -1 helmet of the Slorg {rF++ MR+ Int-2}
rElec  +         Spirit   +     m - +0 cloak of Patterns {rF+ Regen+ rCorr Str-2 Dex+6}
rCorr  +         Warding  .     W - +2 pair of fencer's gloves {EV+3 Dex+6 Slay+2}
rMut   .         Stasis   .     c - +2 pair of boots {Fly}
MR     +++++                    u - amulet of the Air {Inacc +Fly rElec EV+5 RMsl}
Stlth  +++.......               k - ring of Robustness {AC+8}
                                d - ring of the Mage {Wiz MR++ Int+3}

@: lethally poisoned, flying, contaminated, hasted, glowing, studying 2 skills,
repel missiles, very quick, almost entirely resistant to hostile enchantments,
fairly stealthy
A: fangs 3, regeneration 3, magic shield, antimagic bite, no device heal 3, rot
immunity
a: Divine Shield, Cleansing Flame, Summon Divine Warrior, Renounce Religion,
Stop Flying
}: 5/15 runes: decaying, serpentine, slimy, silver, abyssal


You were on level 18 of a ziggurat.
You worshipped the Shining One.
The Shining One was exalted by your worship.
You were full.

You visited 11 branches of the dungeon, and saw 64 of its levels.
You visited Pandemonium 1 time, and saw 4 of its levels.
You visited the Abyss 2 times.
You visited 1 ziggurat, and saw 18 of its levels.
You also visited: Trove, Sewer and Ice Cave.

You collected 9438 gold pieces.
You spent 4020 gold pieces at shops.


Innate Abilities, Weirdness & Mutations

You have razor-sharp teeth.
You regenerate.
When hurt, damage is shared between your health and your magic reserves.
Your bite disrupts and absorbs the magic of your enemies.
Potions and wands cannot restore your health.
You are immune to rotting.


   Skills:
 - Level 12.1 Fighting
   Level 9.0 Short Blades
 - Level 14.0 Staves
 - Level 6.1 Throwing
 - Level 18.0 Armour
 - Level 15.5 Dodging
 - Level 17.0 Stealth
   Level 9.0 Shields
 + Level 22.8 Spellcasting
 - Level 17.0 Charms
 - Level 5.1 Translocations
 O Level 27 Air Magic
 - Level 10.3 Invocations
 - Level 11.1 Evocations


You had 33 spell levels left.
You knew the following spells:

 Your Spells              Type           Power        Failure   Level  Hunger
a - Phase Shift           Tloc           ####......   4%          5    ##.....
b - Blink                 Tloc           N/A          1%          2    None
d - Deflect Missiles      Chrm/Air       ######....   1%          6    ####...
e - Apportation           Tloc           ####......   1%          1    None
h - Haste                 Chrm           ######..     1%          6    ####...
s - Shroud of Golubria    Chrm/Tloc      ######....   1%          2    None
y - Conjure Ball Lightni  Conj/Air       ######....   1%          6    ####...
R - Summon Butterflies    Summ           ###.....     1%          1    None
V - Tornado               Air            #######...   4%          9    #######

Inventory:

Hand weapons
 a - a +9 lajatang of speed (weapon)
Missiles
 w - 1174 stones
 B - 6 throwing nets (quivered)
Armour
 c - a +2 pair of boots of flying (worn)
 m - the +0 cloak of Patterns (worn) {rF+ Regen+ rCorr Str-2 Dex+6}
   (You found it in a treasure trove)

   It affects your strength (-2).
   It affects your dexterity (+6).
   It protects you from fire.
   It increases your rate of regeneration.
   It protects you from acid and corrosion.
 o - the -1 helmet of the Slorg (worn) {rF++ MR+ Int-2}
   (You found it in a treasure trove)

   It affects your intelligence (-2).
   It greatly protects you from fire.
   It affects your resistance to hostile enchantments.
 C - the +6 faerie dragon armour (worn) {MR+}
   (You took it off the Enchantress on level 2 of the Depths)

   It affects your resistance to hostile enchantments.
 U - the +4 skin of Zhor {rC+++}
   (You found it on level 14 of a ziggurat)

   It renders you almost immune to cold.
 W - the +2 pair of fencer's gloves (worn) {EV+3 Dex+6 Slay+2}
   (You bought it in a shop on level 12 of the Dungeon)

   It affects your evasion (+3).
   It affects your dexterity (+6).
   It affects your accuracy and damage with ranged weapons and melee attacks
   (+2).
Magical staves
 b - an uncursed staff of energy {!a}
Rods
 n - a +4 lightning rod (12/12) {!a}
   (You took it off a deep elf summoner on level 3 of the Elven Halls)
 X - a +4 lightning rod (11/11) {!a}
   (You found it on level 6 of the Pits of Slime)
 Y - a +8 rod of inaccuracy (14/14) {!a}
   (You found it on level 16 of a ziggurat)
Jewellery
 d - the ring of the Mage (left hand) {Wiz MR++ Int+3}
   (You found it on level 2 of the Elven Halls)

   [ring of wizardry]

   It improves your spell success rate.
   It affects your intelligence (+3).
   It affects your resistance to hostile enchantments.
 k - the ring of Robustness (right hand) {AC+8}
   (You found it on level 6 of the Pits of Slime)

   [ring of protection]

   It affects your AC (+8).
 u - the amulet of the Air (around neck) {Inacc +Fly rElec EV+5 RMsl}
   (You found it on level 3 of the Elven Halls)

   [amulet of inaccuracy]

   It reduces the accuracy of all your attacks.
   It affects your evasion (+5).
   It insulates you from electricity.
   It lets you fly.
   It protects you from missiles.
 y - the amulet of the Pure Suns {rMut Int+5}
   (You found it on level 8 of a ziggurat)

   [amulet of resist mutation]

   It protects you from mutation.
   It affects your intelligence (+5).
 L - an uncursed ring of protection from cold
Magical devices
 f - a wand of hasting (5) {!d}
 H - a wand of disintegration (9)
 J - a wand of teleportation (7) {!d}
Scrolls
 e - 3 scrolls of summoning
 h - 9 scrolls of holy word
 p - 22 scrolls of fog
 r - 3 scrolls of silence
 v - 2 scrolls of recharging
 E - 30 scrolls of teleportation
 I - 28 scrolls of remove curse
 K - 9 scrolls of blinking
 O - 6 scrolls of fear
 S - 11 scrolls of magic mapping
 Z - 37 scrolls of identify
Potions
 j - 4 potions of cure mutation
 l - 28 potions of curing
 q - 6 potions of cancellation
 t - 5 potions of magic
 x - a potion of agility
 A - 7 potions of restore abilities
 D - 12 potions of haste
 N - 8 potions of might
 P - 7 potions of brilliance
Books
 G - an Akashic Record {highlevel}
 Q - a manual of Staves {!d}
 T - a manual of Summonings {!d}
Miscellaneous
 i - a phantom mirror
 z - 3 fans of gales
 M - 3 phials of floods
 R - 4 lamps of fire
Comestibles
 g - 28 bread rations
 V - 7 royal jellies

Dungeon Overview and Level Annotations

Branches:
Dungeon (15/15)            Temple (0/1) D:4            Lair (8/8) D:9
  Swamp (5/5) Lair:3        Snake (5/5) Lair:5        Slime (6/6) Lair:8
    Orc (4/4) D:12            Elf (3/3) Orc:4        Vaults (5/5) D:14
  Crypt (3/3) Vaults:3       Tomb (0/3) Crypt:3      Depths (5/5) D:15
    Zot (5/5) Depths:5

Altars:
Elyvilon
Fedhas
Kikubaaqudgha
Makhleb
Nemelex Xobeh
Okawaru
Trog
Vehumet
Xom
The Shining One
Jiyva

Shops:
D:9 *   D:10 *   D:12 *   D:13 (   Orc:4 ?(%:   Vaults:1 *(   Vaults:5 }}%?!
Depths:1 *

Portals:
Hell: Depths:1 Depths:2 Depths:3 Depths:4 Depths:5
Abyss: Depths:3 Depths:4 Depths:5
Pandemonium: Orc:4 Depths:2 Depths:3
Ziggurat: Depths:4

Annotations:
D:12 runed door
D:13 exclusion: 2 downstairs
D:14 runed door
Lair:1 exclusion: downstairs
Lair:7 exclusion: downstairs
Snake:3 exclusion: downstairs
Elf:2 runed door

▓▓▓▓▓▓ ▓......
▓})!t.....
▓|"?(........
▓?$}!......... .
▓∩!)?G......... ..
▓>=CD4.4......#+#.
▓fr|3&&pD.........
▓:[4uZZDCp........
▓534uGZZZZ........
▓.15&&uZ6Zp.......
▓.sC&H.p.Z........
▓▓▓▓▓▓▓▓▓▓........
▓........
▓........
▓........


You could see Giman, Shrijahinn, Shroac, Straugi, Uniezxal, 3 Killer Klowns, 2
shadow dragons, 2 frost giants, 3 very ugly things, a Shadow Fiend, a putrid
chaos champion, a sphinx shaped shifter, a stone giant shaped shifter, a swamp
dragon shaped shifter, a shining eye, a sun demon, an apocalypse crab
(wandering), a hellwing, 2 rust devils, a sixfirhy, a ynoxinul, a tarantella, a
hell rat, a golden eye, 2 ugly thing simulacra, a glowing shapeshifter
simulacrum, an apocalypse crab simulacrum, 2 ufetubi, an ugly thing skeleton and
a demonspawn skeleton.


Message History

Uniezxal sneers, "Quail, thou tasty breakfast!"
The demonspawn skeleton hits you with a dire flail.
* * * LOW HITPOINT WARNING * * *
The glowing shapeshifter simulacrum hits you.
* * * LOW HITPOINT WARNING * * *
The glowing shapeshifter simulacrum freezes you!!
* * * LOW HITPOINT WARNING * * *
The glowing shapeshifter simulacrum closely misses you.
The apocalypse crab simulacrum bites you but does no damage.
You momentarily phase out as the apocalypse crab simulacrum's attack passes through you.
You momentarily phase out as the glowing shapeshifter simulacrum's attack passes through you.
Shrijahinn sneers, "Submit, thou tasty snackling!"
The ugly thing zombie hits you but does no damage.
You can move again.
Unknown command.
Unknown command.
Read which item? (? for menu, Esc to quit)
Blink to where?
As you read the scroll of blinking, it crumbles to dust.
An apocalypse crab comes into view.
You are firmly grounded in the material plane once more.
You feel sick.
The Killer Klown blinks!
Uniezxal gestures at you while chanting.
The bolt of poison hits the rust devil.
The bolt of poison hits you!
You are lethally poisoned!
* * * LOW HITPOINT WARNING * * *
Found ten items.
Found a gate leading back out of this place.
Are you sure you want to leave this ziggurat?
You die...

Action                   |  1- 3 |  4- 6 |  7- 9 | 10-12 | 13-15 | 16-18 | 19-21 | 22-24 | 25-27 || total
-------------------------+-------+-------+-------+-------+-------+-------+-------+-------+-------++-------
Melee: Dagger            |    96 |   282 |   740 |   795 |  1203 |       |       |       |       ||  3116
       Great sword       |       |       |    24 |       |       |       |       |       |       ||    24
       Quick blade       |       |       |       |       |  1203 |  2059 |  2621 |  2528 |  3774 || 12185
       Rapier            |       |       |       |       |       |       |    15 |    21 |       ||    36
       Unarmed           |       |       |       |       |       |       |     9 |       |       ||     9
       Lajatang          |       |       |       |       |       |       |       |   369 |  2910 ||  3279
 Fire: Blowgun           |       |       |    19 |       |       |       |       |     2 |       ||    21
Throw: Stone             |       |       |       |     1 |    23 |     9 |    21 |     3 |     4 ||    61
 Cast: Flight            |       |       |       |       |       |    49 |       |       |       ||    49
       Haste             |       |       |       |       |       |       |     4 |    16 |    47 ||    67
       Deflect Missiles  |       |       |       |       |       |       |     1 |     1 |     2 ||     4
       Blink             |       |       |       |       |       |       |       |     7 |    27 ||    34
       Shroud of Golubri |       |       |       |       |       |       |       |     2 |    16 ||    18
       Phase Shift       |       |       |       |       |       |       |       |     1 |    30 ||    31
       Sure Blade        |       |       |       |       |       |       |       |       |    23 ||    23
       Tornado           |       |       |       |       |       |       |       |       |    14 ||    14
Invok: Heroism           |       |       |       |     1 |     3 |     5 |     3 |     6 |     8 ||    26
       Finesse           |       |       |       |     1 |     1 |     1 |       |       |     3 ||     6
       Cleansing Flame   |       |       |       |       |       |       |       |       |     2 ||     2
 Abil: Evoke Flight      |       |       |       |       |       |     1 |       |       |       ||     1
Evoke: Deck              |     1 |       |       |       |       |       |       |       |       ||     1
       Wand              |       |       |       |     2 |    13 |     5 |       |    12 |    10 ||    42
       Rod               |       |       |       |       |       |       |       |       |     1 ||     1
  Use: Scroll            |       |     4 |     6 |    11 |    13 |    13 |     5 |    15 |    23 ||    90
       Potion            |       |       |     1 |       |     2 |     3 |       |     1 |    16 ||    23
 Stab: Sleeping          |     6 |     9 |     9 |    22 |    36 |    24 |    41 |    64 |    46 ||   257
       Distracted        |       |       |       |     1 |     6 |     7 |     7 |    18 |    25 ||    64
       Confused          |       |       |       |       |     3 |     2 |       |       |     2 ||     7
       Petrified         |       |       |       |       |     1 |       |       |       |       ||     1
       Fleeing           |       |       |       |       |     3 |       |       |       |       ||     3
       Paralysed         |       |       |       |       |       |       |       |       |     4 ||     4
       Held in net/web   |       |       |       |       |       |       |       |       |     1 ||     1
  Eat: Chunk             |     1 |     6 |    14 |    21 |    25 |    26 |    28 |    19 |    10 ||   150
       Pizza             |       |       |       |       |     4 |     2 |       |       |     1 ||     7
       Beef jerky        |       |       |       |       |     2 |     2 |       |     3 |     4 ||    11
       Royal jelly       |       |       |       |       |     1 |       |       |     2 |     7 ||    10
       Bread ration      |       |       |       |       |     1 |       |       |     2 |     7 ||    10
       Fruit             |       |       |       |       |       |     9 |     9 |    14 |    37 ||    69
       Meat ration       |       |       |       |       |       |       |     1 |     2 |     4 ||     7

Vault maps used:
D:1:      lemuel_arrival_lava_pool, nemelex_deck
D:3:      okawaru_gym_becter, nicolae_overflow_hidden_temple
D:4:      kennysheep_mini, minmay_temple_entry_crystal_x
D:5:      old_standard_altar, serial_curves, eino_curves_01, eino_curves_04,
          first_bread, kennysheep_nub, uniq_sigmund, uniq_natasha
D:6:      xom_redecorated, gup_sewer_entry_spiral
D:7:      kennysheep_little_box, basic_altar
D:8:      tso_altar
D:9:      grunt_lair_entry_elf_guard_hut, serial_shops, shop,
          hangedman_pestilent_swarm
D:10:     serial_shops, shop_statue, minmay_misc_feat_x,
          kennysheep_generic_room_16
D:12:     orc_0_dummy, serial_shops, nicolae_shop_overgrown_old_shop,
          serial_ice, serial_ice_d, serial_ice_f, serial_ice_b, serial_ice_c,
          portal_ice_cave_entry_ice_beasts, jmf_multi_god_temple2
D:13:     serial_shops, nicolae_shop_statue_plus
D:14:     david_vaults_3, roderic_serpentine_path, grunt_decor_fettered,
          kennysheep_treasure_room
D:15:     hangedman_depths_entry_try_elsewhere_first, hangedman_decor_opposing
Lair:1:   beast_lair_carwin_7
Lair:3:   swamp_mist, minmay_stone_trees_medium, bh_autumn_forest_stairs,
          lemuel_fruit_tree
Lair:4:   pond
Lair:5:   minmay_snake_entry_spellcaster, st_stairs_12
Lair:6:   minmay_holes, infiniplex_staircase_pool_2
Lair:7:   lemuel_fruit_fields
Lair:8:   hangedman_lair_tendril_chambers, guppyfry_lair_end_dragon,
          slime_altar_1, lookout_lair_type
Swamp:1:  evilmike_swamp_ruin_house_4, uniq_kirke, uniq_josephine
Swamp:2:  evilmike_swamp_ruin_house_2, uniq_snorg, uniq_nikola, uniq_norris,
          uniq_aizul
Swamp:3:  hangedman_swamp_blocks, swamp_pool1, nicolae_swamp_fairy_circle
Swamp:4:  evilmike_swamp_ruin_house_5
Swamp:5:  swamp_alternative, swamp_pool1
Snake:1:  uniq_agnes
Snake:3:  cheibrodos_snake_ritualist_ritual
Snake:4:  spider_trap, grunt_megastairs_2, uniq_mara, uniq_vashnia, uniq_roxanne
Snake:5:  snake_pit, basic_stair_grate_trap
Slime:2:  cheibrodos_slime_lost_civilization_6
Slime:3:  basic_altar, nicolae_slime_barrier
Slime:5:  cheibrodos_slime_lost_civilization_3,
          cheibrodos_slime_lost_civilization_5
Orc:3:    basic_altar, nicolae_orc_pool_cavern
Orc:4:    pf_orc_diabolical
Elf:1:    elf_arrival_002, enter_trove_3, minmay_elf_crystal_hexagon,
          hangedman_decor_cross_pass, uniq_frances, uniq_asterion, uniq_sonja
Elf:2:    nicolae_elf_big_sculpture_2, hangedman_elf_represent, uniq_rupert
Elf:3:    elf_hall, solitary_fountain, hangedman_elven_pyramids, st_stairs_10,
          guppyfry_library_mini, uniq_saint_roka, uniq_jorgrun
Vaults:1: v_misc_31, vaults_dpeg_doors, st_hourglassy,
          ontoclasm_vaults_loading_screen, v_misc_11, v_misc_26,
          hangedman_vaults_river_flow, hangedman_vaults_slice,
          nicolae_vaults_ring_of_whatevers, hangedman_vaults_cutoff,
          ontoclasm_vaults_fault, ontoclasm_vaults_ligature,
          vaults_room_stairs_pillars, serial_shops, nicolae_shop_crystal,
          shop_fountains
Vaults:2: vaults_dpeg_cross, grunt_vaults_trifunnel, v_misc_28,
          nicolae_vaults_rhombus_6, grunt_vaults_diagonal, v_misc_25, v_misc_30,
          grunt_vaults_swirl, vaults_dpeg_diagonal, vaults_room_fancy_cross,
          ontoclasm_vaults_gateway, v_misc_27
Vaults:3: st_lattice, v_rooms_4, hangedman_vaults_maws,
          minmay_crypt_entry_simple_sparse, grunt_vaults_funnel,
          nicolae_vaults_yaktaur_gun_rack, hangedman_vaults_restitches,
          vaults_room_door_ring, serial_ice_b, v_misc_22, basic_altar, uniq_jory
Vaults:4: metal_show, nicolae_vaults_c_with_doors,
          nicolae_vaults_big_angled_halls, vaults_room_hallway, v_pattern_5,
          nicolae_vaults_disjoint_gnomons, nicolae_vaults_little_squares_6,
          nicolae_vaults_little_squares_2
Vaults:5: uniq_wiglaf, uniq_boris
Crypt:1:  hangedman_screamer, crypt_curse_skull
Crypt:2:  serial_sigils_hangedman_gut
Crypt:3:  cryptofortress_bobbens
Depths:1: pf_dread_powers_of_hell, minmay_parallelograms,
          hangedman_decor_riveting, spider_trap, kennysheep_decorative_pillar,
          grunt_ministairs_10, nicolae_blasting_shop
Depths:2: spriggan_forest, hell_entry, pan_entry
Depths:3: lemuel_minitomb, abyss_entry, rand_demon_pan_entry_5,
          hangedman_abyss_or_decor_passed, hell_entry, st_stairs_13,
          serial_bayou_shore_b, minmay_staircase_statues
Depths:4: minmay_two_paths, enter_ziggurat_f, minmay_misc_feat_more_columns,
          abyss_entry, hellmouth_1, hangedman_stitches_earthworm,
          infiniplex_staircase_zigzag_2
Depths:5: grunt_zot_entry_alcove, abyss_entry, hell_entry, minmay_hedge_maze,
          due_unseen_surprise, uniq_frederick
Zot:2:    circus_mu, st_stairs_9
Zot:3:    hangedman_zot_diagonal_lockstep, basic_stair_grate_trap,
          grunt_megastairs_4
Zot:4:    lemuel_firehouse
Zot:5:    lemuel_lake_of_fire
Abyss:1:  minivault_5
Abyss:2:  evilmike_abyss_exit_mutagenic, serial_sigils_hangedman_quiver
Abyss:3:  nicolae_abyss_rune_more_like_crabyss
Pan:      rand_demon_6, nicolae_pan_hourglass, pan_blood_fountain_small,
          rand_demon_7, rand_demon_2, enter_ziggurat_pan_c, pan_blood_fountain
Zig:5:    ziggurat_loot_1
Zig:6:    ziggurat_pillar_centre_c
Zig:15:   ziggurat_pillar_centre_k
Zig:16:   ziggurat_pillar_centre_dead_trees
Trove:    trove_armour_six_rooms
Sewer:    sewer_kobold_necro_badplayer
IceCv:    ice_cave_caverns_03

Notes
Turn   | Place    | Note
--------------------------------------------------------------
     0 | D:1      | trelanon, the Vine Stalker Assassin, began the quest for the Orb.
     0 | D:1      | Reached XP level 1. HP: 11/11 MP: 1/1
    41 | D:1      | Reached skill level 2 in Short Blades
   184 | D:1      | Reached XP level 2. HP: 15/15 MP: 3/3
   367 | D:1      | Found a sparkling altar of Nemelex Xobeh.
   848 | D:2      | Reached skill level 3 in Short Blades
   869 | D:2      | Reached XP level 3. HP: 18/18 MP: 4/4
   904 | D:2      | Reached skill level 5 in Stealth
  1102 | D:2      | Reached XP level 4. HP: 21/23 MP: 5/5
  1271 | D:2      | Reached skill level 6 in Stealth
  1520 | D:3      | Found an iron altar of Okawaru.
  1576 | D:2      | Reached skill level 7 in Stealth
  1576 | D:2      | Reached XP level 5. HP: 20/26 MP: 5/7
  1630 | D:3      | Became a worshipper of Warmaster Okawaru
  1865 | D:3      | Reached skill level 1 in Armour
  1943 | D:3      | Reached skill level 2 in Armour
  1943 | D:3      | Gained mutation: You heal very quickly. [vine stalker growth]
  1943 | D:3      | Reached XP level 6. HP: 24/30 MP: 8/8
  2526 | D:4      | Reached skill level 3 in Armour
  2566 | D:4      | Acquired Okawaru's first power
  2712 | D:4      | Found a staircase to the Ecumenical Temple.
  2743 | D:4      | Found an ancient bone altar of Kikubaaqudgha.
  3007 | D:5      | Entered Level 5 of the Dungeon
  3009 | D:5      | Noticed Natasha
  3011 | D:5      | Reached XP level 7. HP: 34/34 MP: 9/9
  3036 | D:5      | Killed Natasha
  3036 | D:5      | Reached skill level 4 in Armour
  3065 | D:4      | Reached skill level 1 in Dodging
  3296 | D:4      | Reached skill level 2 in Dodging
  3450 | D:4      | HP: 1/34 [gnoll/great sword of electrocution (6)]
  3628 | D:5      | Reached skill level 3 in Dodging
  3738 | D:5      | Found a radiant altar of Vehumet.
  3767 | D:5      | Noticed Sigmund
  3813 | D:5      | Killed Sigmund
  3907 | D:5      | Noticed Natasha
  3916 | D:5      | Killed Natasha
  3929 | D:5      | Reached skill level 4 in Dodging
  3937 | D:5      | Gained mutation: You have razor-sharp teeth. [vine stalker growth]
  3937 | D:5      | Reached XP level 8. HP: 38/38 MP: 11/11
  4106 | D:6      | Found a shimmering altar of Xom.
  4106 | D:6      | Found a shimmering altar of Xom.
  4229 | D:6      | Found a shimmering altar of Xom.
  4233 | D:6      | Found a shimmering altar of Xom.
  4332 | D:6      | Reached skill level 5 in Dodging
  4488 | D:6      | Found a glowing drain.
  4492 | Sewer    | Entered a sewer
  4953 | D:6      | Reached skill level 5 in Armour
  5192 | D:6      | Found a shimmering altar of Xom.
  5526 | D:6      | Reached skill level 6 in Armour
  5640 | D:7      | Found a white marble altar of Elyvilon.
  5648 | D:7      | Reached XP level 9. HP: 42/42 MP: 12/12
  5759 | D:7      | Reached skill level 4 in Short Blades
  5802 | D:7      | Found a sparkling altar of Nemelex Xobeh.
  5938 | D:7      | Reached skill level 5 in Short Blades
  6440 | D:8      | Reached skill level 2 in Throwing
  6687 | D:8      | Found a glowing golden altar of the Shining One.
  7041 | D:7      | Reached skill level 6 in Short Blades
  7088 | D:9      | Found Plima's General Store.
  7111 | D:9      | Bought a +0 cloak for 58 gold pieces
  7111 | D:9      | Bought a scroll of identify for 26 gold pieces
  7264 | D:9      | Reached skill level 7 in Short Blades
  7348 | D:9      | Reached skill level 8 in Short Blades
  7348 | D:9      | Reached XP level 10. HP: 17/46 MP: 9/13
  7454 | D:9      | Acquired Okawaru's second power
  7479 | D:9      | Reached skill level 9 in Short Blades
  7524 | D:9      | Reached skill level 3 in Throwing
  7609 | D:9      | Found a staircase to the Lair.
  7629 | Lair:1   | Entered Level 1 of the Lair of Beasts
  7634 | Lair:1   | Reached skill level 4 in Throwing
  7849 | Lair:1   | Received a gift from Okawaru
  7849 | Lair:1   | Reached skill level 5 in Throwing
  8174 | Lair:1   | Reached skill level 6 in Throwing
  8333 | Lair:2   | Noticed a black mamba
  8343 | Lair:2   | Killed a black mamba
  8343 | Lair:2   | Reached skill level 2 in Invocations
  8573 | Lair:2   | Reached skill level 3 in Invocations
  9063 | Lair:2   | Reached skill level 4 in Invocations
  9172 | Lair:2   | Received a gift from Okawaru
  9187 | Lair:2   | Reached skill level 5 in Invocations
  9187 | Lair:2   | Reached XP level 11. HP: 43/50 MP: 21/21
  9196 | Lair:2   | Got a pair of slimy gloves {god gift}
  9232 | Lair:2   | Identified the +1 pair of gloves "Curufyxtem" {+Blink rPois+ MR+ MP+9 Str+2 Dex-5} (Okawaru gifted it to you on level 2 of the Lair of Beasts)
  9635 | Lair:3   | Reached skill level 6 in Invocations
  9820 | Lair:3   | Found a staircase to the Swamp.
 10044 | Lair:3   | Noticed a four-headed hydra
 10052 | Lair:3   | Killed a four-headed hydra
 10052 | Lair:3   | Reached skill level 7 in Invocations
 10325 | Lair:4   | Reached skill level 8 in Invocations
 10915 | Lair:4   | Reached skill level 9 in Invocations
 11269 | Lair:4   | Reached skill level 10 in Invocations
 11532 | Lair:5   | Found a staircase to the Snake Pit.
 11662 | Lair:5   | Received a gift from Okawaru
 11662 | Lair:5   | Reached skill level 1 in Evocations
 11666 | Lair:5   | Got an ancient helmet {god gift}
 11677 | Lair:5   | Identified the +2 helmet "Peguazo" {*Tele rPois+ Str+10} (Okawaru gifted it to you on level 5 of the Lair of Beasts)
 11719 | Lair:5   | Reached skill level 2 in Evocations
 11856 | Lair:5   | Reached skill level 3 in Evocations
 11856 | Lair:5   | Gained mutation: You regenerate. [vine stalker growth]
 11856 | Lair:5   | Reached XP level 12. HP: 31/54 MP: 20/27
 11928 | Lair:5   | Reached skill level 4 in Evocations
 12153 | Lair:5   | Reached skill level 5 in Evocations
 12425 | Lair:6   | Reached skill level 6 in Evocations
 12456 | Lair:6   | Noticed a five-headed hydra
 12465 | Lair:6   | Killed a five-headed hydra
 12506 | Lair:6   | Noticed a death yak
 12514 | Lair:6   | Noticed a death yak
 12518 | Lair:6   | Noticed a death yak
 12538 | Lair:6   | Killed a death yak
 12538 | Lair:6   | Reached skill level 7 in Evocations
 12570 | Lair:6   | Killed a death yak
 12580 | Lair:6   | Killed a death yak
 12580 | Lair:6   | Reached skill level 8 in Evocations
 12703 | Lair:6   | Noticed a death yak
 12717 | Lair:6   | Killed a death yak
 12717 | Lair:6   | Reached skill level 9 in Evocations
 12732 | Lair:6   | Reached skill level 2 in Fighting
 13039 | Lair:6   | Reached skill level 3 in Fighting
 13226 | Lair:7   | Reached skill level 4 in Fighting
 13235 | Lair:7   | Received a gift from Okawaru
 13471 | Lair:7   | Reached skill level 5 in Fighting
 13583 | Lair:8   | Entered Level 8 of the Lair of Beasts
 13583 | Lair:8   | Noticed B1inky's ghost (powerful OpTm)
 13685 | Lair:8   | Received a gift from Okawaru
 13794 | Lair:8   | Found a viscous altar of Jiyva.
 13795 | Lair:8   | Found a staircase to the Slime Pits.
 13821 | Lair:8   | Reached XP level 13. HP: 63/65 MP: 28/28
 13847 | Lair:8   | Reached skill level 6 in Fighting
 13915 | Lair:8   | Received a gift from Okawaru
 13949 | Lair:8   | Reached skill level 7 in Fighting
 13988 | Lair:8   | Received a gift from Okawaru
 14005 | Lair:8   | Reached skill level 8 in Stealth
 14073 | Lair:8   | Received a gift from Okawaru
 14164 | Lair:8   | Killed B1inky's ghost
 14164 | Lair:8   | Reached skill level 9 in Stealth
 14382 | Lair:8   | Reached skill level 10 in Stealth
 14620 | Lair:8   | Reached skill level 11 in Stealth
 14765 | Lair:8   | Identified a potion of resistance
 14781 | Lair:8   | Noticed a six-headed hydra
 14792 | Lair:8   | Received a gift from Okawaru
 14802 | Lair:8   | Killed a six-headed hydra
 14802 | Lair:8   | Reached skill level 6 in Dodging
 15160 | Lair:8   | Reached skill level 7 in Dodging
 15167 | Lair:8   | Received a gift from Okawaru
 15621 | Lair:8   | Noticed a fire dragon
 15695 | Lair:8   | HP: 5/67 [fire dragon (4)]
 15927 | Lair:8   | Killed a fire dragon
 15927 | Lair:8   | Reached skill level 8 in Dodging
 16070 | Lair:8   | Reached XP level 14. HP: 72/72 MP: 29/29
 16522 | D:10     | Entered Level 10 of the Dungeon
 16657 | D:10     | Received a gift from Okawaru
 16830 | D:10     | Reached skill level 9 in Dodging
 16874 | D:10     | Found Lemuyrov's Assorted Antiques.
 16940 | D:10     | Bought a curved glass wand for 136 gold pieces
 16940 | D:10     | Bought a ruby potion for 30 gold pieces
 17179 | D:10     | Noticed B1inky's ghost (powerful GrTm)
 17289 | D:10     | Killed B1inky's ghost
 17445 | D:11     | Got a shimmering morningstar
 17449 | D:11     | Identified the cursed +0 morningstar of Defiance {flame, Dex+2 Stlth+} (You found it on level 11 of the Dungeon)
 17937 | D:12     | Reached skill level 10 in Evocations
 17962 | D:12     | Found a staircase to the Orcish Mines.
 17964 | D:12     | Found a frozen archway.
 17985 | D:12     | Reached skill level 1 in Spellcasting
 18024 | IceCv    | Entered an ice cave
 18049 | IceCv    | Reached skill level 2 in Spellcasting
 18226 | IceCv    | Reached skill level 3 in Spellcasting
 18300 | IceCv    | Identified a wand of teleportation (You found it in an ice cave)
 18330 | IceCv    | Reached skill level 4 in Spellcasting
 18543 | IceCv    | Reached skill level 5 in Spellcasting
 18664 | IceCv    | Noticed a frost giant
 18697 | IceCv    | Killed a frost giant
 18697 | IceCv    | Reached skill level 6 in Spellcasting
 18823 | IceCv    | Received a gift from Okawaru
 18828 | IceCv    | Got a fine quick blade {god gift}
 18829 | IceCv    | Identified the +7 quick blade of Aceafone {drain, HP-9 MP+9 Str+4} (Okawaru gifted it to you in an ice cave)
 18901 | D:12     | Reached skill level 7 in Spellcasting
 18954 | D:12     | Found a large runed door.
 18955 | D:12     | Found a large runed door.
 19282 | D:12     | Reached skill level 8 in Spellcasting
 19369 | D:12     | Found Ceusm's Assorted Antiques.
 19532 | Orc:1    | Entered Level 1 of the Orcish Mines
 20106 | D:12     | Bought the +2 pair of fencer's gloves {EV+3 Dex+6 Slay+2} for 1432 gold pieces
 20280 | Lair:1   | Learned a level 3 spell: Flight
 20496 | Orc:2    | Received a gift from Okawaru
 20496 | Orc:2    | Reached skill level 8 in Fighting
 20713 | Orc:2    | Reached XP level 15. HP: 65/77 MP: 32/32
 21243 | Orc:3    | Found a bloodstained altar of Trog.
 21391 | Orc:3    | Reached skill level 9 in Fighting
 21569 | Orc:4    | Entered Level 4 of the Orcish Mines
 21885 | Orc:4    | Found a staircase to the Elven Halls.
 22082 | Orc:4    | Reached skill level 10 in Fighting
 22268 | Orc:4    | Found Gogew's Food Boutique.
 22269 | Orc:4    | Found Xik Jeaj's Magic Scroll Shop.
 22445 | Orc:4    | Bought a scroll of enchant armour for 82 gold pieces
 22445 | Orc:4    | Bought a scroll of identify for 22 gold pieces
 22446 | Orc:4    | Bought a scroll of identify for 22 gold pieces
 23134 | Orc:4    | Reached skill level 11 in Fighting
 23646 | Orc:4    | Received a gift from Okawaru
 23659 | Orc:4    | Found Qeteeg's Antique Weapon Shoppe.
 23659 | Orc:4    | Found Kaihuk's Book Emporium.
 23660 | Orc:4    | Found a one-way gate leading to the halls of Pandemonium.
 23926 | Elf:1    | Entered Level 1 of the Elven Halls
 24478 | D:12     | Bought an amber-encrusted troll leather armour for 520 gold pieces
 24488 | D:12     | Identified the +1 troll leather armour of the Dungeon {-Cast Contam rElec rN+ MR+ Regen+ rCorr} (You bought it in a shop on level 12 of the Dungeon)
 24746 | D:13     | Reached skill level 12 in Fighting
 24770 | D:13     | Reached skill level 1 in Charms
 24822 | D:13     | Found Yxo Fra's Weapon Emporium.
 24858 | D:13     | Reached skill level 2 in Charms
 24941 | D:13     | Reached skill level 3 in Charms
 25325 | D:13     | Reached skill level 4 in Charms
 25688 | D:14     | Noticed a tengu reaver
 25689 | D:14     | Found a runed door.
 25689 | D:14     | Noticed a storm dragon
 25878 | D:10     | Received a gift from Okawaru
 26048 | D:12     | Found a burning altar of Makhleb.
 26052 | D:12     | Reached skill level 5 in Charms
 26061 | D:12     | Found a blossoming altar of Fedhas.
 26061 | D:12     | Noticed a sphinx
 26065 | D:12     | Killed a sphinx
 26065 | D:12     | Reached XP level 16. HP: 79/88 MP: 32/32
 26106 | D:14     | Found a gate to the Vaults.
 26106 | D:14     | Noticed Rupert
 26175 | D:13     | Reached skill level 6 in Charms
 26401 | D:14     | Reached skill level 7 in Charms
 26422 | D:14     | Killed Rupert
 26634 | D:14     | Reached skill level 8 in Charms
 27061 | D:14     | Killed a tengu reaver
 27061 | D:14     | Received a gift from Okawaru
 27061 | D:14     | Reached skill level 9 in Charms
 27126 | D:15     | Entered Level 15 of the Dungeon
 27197 | D:14     | Killed a storm dragon
 27370 | D:15     | Reached skill level 10 in Charms
 27422 | D:15     | Found a staircase to the Depths.
 28444 | Swamp:1  | Entered Level 1 of the Swamp
 28496 | Swamp:1  | Reached skill level 11 in Charms
 28580 | Swamp:1  | Noticed Kirke
 28602 | Swamp:1  | Killed Kirke
 28739 | Swamp:1  | Noticed Josephine
 28751 | Swamp:1  | Killed Josephine
 28960 | Swamp:1  | Reached skill level 12 in Charms
 29215 | Swamp:2  | Noticed Snorg
 29219 | Swamp:2  | Noticed Norris
 29225 | Swamp:2  | Killed Snorg
 29225 | Swamp:2  | Received a gift from Okawaru
 29254 | Swamp:2  | Killed Norris
 29254 | Swamp:2  | Reached XP level 17. HP: 73/93 MP: 33/33
 29260 | Swamp:2  | Got a slimy ring mail {god gift}
 29271 | Swamp:2  | Identified the +3 ring mail of Voneffum {HP+9 Stlth+} (Okawaru gifted it to you on level 2 of the Swamp)
 29505 | Swamp:2  | Noticed Aizul
 29597 | Swamp:2  | Killed Aizul
 29640 | Swamp:2  | Reached skill level 13 in Charms
 29738 | Swamp:2  | Noticed Nikola
 31288 | Swamp:4  | Reached skill level 14 in Charms
 31652 | Swamp:4  | Received a gift from Okawaru
 31656 | Swamp:4  | Got a smoking cloak {god gift}
 31667 | Swamp:4  | Identified the +2 cloak of the Marlin {Int+4} (Okawaru gifted it to you on level 4 of the Swamp)
 31980 | Swamp:5  | Entered Level 5 of the Swamp
 31980 | Swamp:5  | Noticed vatarom's ghost (mighty DrCj)
 32024 | Swamp:5  | Killed vatarom's ghost
 32495 | Orc:4    | Bought a book of Enchantments for 650 gold pieces
 32502 | Orc:4    | Learned a level 6 spell: Haste
 32509 | Orc:4    | Learned a level 6 spell: Deflect Missiles
 33214 | Swamp:5  | Reached skill level 15 in Charms
 33391 | Swamp:5  | Reached skill level 1 in Shields
 33443 | Swamp:5  | Reached skill level 2 in Shields
 33482 | Swamp:5  | Reached skill level 3 in Shields
 33526 | Swamp:5  | Reached skill level 4 in Shields
 33769 | Swamp:5  | Reached skill level 5 in Shields
 33874 | Swamp:5  | Received a gift from Okawaru
 33894 | Swamp:5  | Reached skill level 6 in Shields
 33894 | Swamp:5  | Reached XP level 18. HP: 27/98 MP: 34/34
 34111 | Swamp:5  | Got a decaying rune of Zot
 34442 | Swamp:2  | Killed Nikola
 34442 | Swamp:2  | Reached skill level 7 in Shields
 34596 | Lair:1   | Gained mutation: You are robust (+10% HP). [potion of beneficial mutation]
 34754 | Snake:1  | Entered Level 1 of the Snake Pit
 35198 | Snake:1  | Noticed Agnes
 35207 | Snake:1  | Cast into the Abyss (Agnes)
 35238 | Snake:1  | Escaped the Abyss
 35242 | Snake:1  | Killed Agnes
 35497 | Snake:1  | Reached skill level 8 in Shields
 35767 | Snake:2  | Received a gift from Okawaru
 36005 | Snake:3  | Reached skill level 9 in Shields
 36483 | Snake:3  | Reached skill level 9 in Spellcasting
 36822 | Snake:3  | Received a gift from Okawaru
 36901 | Snake:3  | Reached skill level 10 in Spellcasting
 37128 | Snake:4  | Noticed Mara
 37130 | Snake:4  | Noticed Vashnia
 37180 | Snake:3  | Killed Mara
 37359 | Snake:4  | Reached skill level 11 in Spellcasting
 37514 | Snake:5  | Entered Level 5 of the Snake Pit
 37649 | Snake:4  | Killed Vashnia
 37706 | Snake:4  | Noticed Roxanne
 37745 | Snake:4  | Killed Roxanne
 38061 | Snake:4  | Reached skill level 12 in Spellcasting
 38113 | Snake:4  | Reached skill level 1 in Air Magic
 38113 | Snake:4  | Reached XP level 19. HP: 97/112 MP: 38/38
 38677 | Snake:5  | Reached skill level 2 in Air Magic
 38768 | Snake:5  | Reached skill level 3 in Air Magic
 38908 | Snake:5  | Reached skill level 4 in Air Magic
 38975 | Snake:5  | Received a gift from Okawaru
 38989 | Snake:5  | Reached skill level 5 in Air Magic
 39107 | Snake:5  | Identified a +2 mottled dragon armour (Okawaru gifted it to you on level 5 of the Snake Pit)
 39231 | Snake:5  | Reached skill level 6 in Air Magic
 39441 | Snake:5  | Reached skill level 7 in Air Magic
 39621 | Snake:5  | Reached skill level 8 in Air Magic
 39810 | Snake:5  | Reached skill level 9 in Air Magic
 39860 | Snake:5  | Got a serpentine rune of Zot
 40170 | Snake:5  | Reached skill level 10 in Air Magic
 40612 | Vaults:1 | Entered Level 1 of the Vaults
 40664 | Vaults:1 | Received a gift from Okawaru
 40932 | Vaults:1 | Reached skill level 11 in Air Magic
 41367 | Vaults:1 | Received a gift from Okawaru
 41367 | Vaults:1 | Reached XP level 20. HP: 108/117 MP: 38/38
 41383 | Vaults:1 | Reached skill level 12 in Air Magic
 41439 | Vaults:1 | Found Haodil's Assorted Antiques.
 41658 | Vaults:1 | Found Kausiox's Antique Weapon Shop.
 41707 | Vaults:1 | Bought a glowing blowgun for 65 gold pieces
 42168 | Vaults:2 | Reached skill level 13 in Air Magic
 43026 | Vaults:2 | Received a gift from Okawaru
 43047 | Vaults:2 | Reached skill level 14 in Air Magic
 43270 | Vaults:3 | Found a glowing golden altar of the Shining One.
 43283 | Vaults:3 | Found a staircase to the Crypt.
 43705 | Vaults:3 | Received a gift from Okawaru
 43981 | Vaults:3 | Reached skill level 12 in Stealth
 44270 | Vaults:3 | Noticed Jory
 44311 | Vaults:3 | Reached skill level 13 in Stealth
 44326 | Vaults:3 | Killed Jory
 44682 | Vaults:4 | Reached XP level 21. HP: 113/122 MP: 39/39
 44729 | Vaults:4 | Reached skill level 14 in Stealth
 44813 | Vaults:4 | Got a transparent rapier
 44814 | Vaults:4 | Identified the +7 rapier of Sudden Death {speed, rC+ SInv} (You found it on level 4 of the Vaults)
 45070 | Vaults:4 | Reached skill level 15 in Stealth
 45096 | Vaults:4 | Received a gift from Okawaru
 45183 | Vaults:4 | Received a gift from Okawaru
 45254 | Vaults:4 | Reached skill level 16 in Stealth
 45278 | Vaults:4 | Noticed Louise
 45300 | Vaults:4 | Killed Louise
 45342 | Vaults:4 | Noticed Terence
 45610 | Vaults:4 | Killed Terence
 45690 | Vaults:4 | Learned a level 2 spell: Shroud of Golubria
 45692 | Vaults:4 | Learned a level 1 spell: Apportation
 45695 | Vaults:4 | Learned a level 2 spell: Blink
 45794 | Vaults:4 | Reached skill level 17 in Stealth
 45833 | Vaults:4 | Reached skill level 1 in Translocations
 45926 | Vaults:4 | Reached skill level 2 in Translocations
 45976 | Vaults:4 | Reached skill level 3 in Translocations
 46108 | Vaults:4 | Reached skill level 4 in Translocations
 46364 | Vaults:4 | Reached skill level 5 in Translocations
 46732 | Vaults:4 | Reached skill level 10 in Dodging
 46931 | Vaults:2 | Received a gift from Okawaru
 47331 | Depths:1 | Entered Level 1 of the Depths
 47386 | Depths:1 | Received a gift from Okawaru
 47499 | Depths:1 | Found Imuuk's Demolitions Depot.
 47755 | Depths:1 | Found a gateway to Hell.
 47809 | Depths:1 | Received a gift from Okawaru
 47818 | Depths:1 | Got a crude plate armour {god gift}
 47829 | Depths:1 | Identified the +8 plate armour of Resilience {+Inv Str+3 Int-5 Dex+2} (Okawaru gifted it to you on level 1 of the Depths)
 47894 | Depths:1 | Reached XP level 22. HP: 117/126 MP: 40/40
 48293 | Lair:1   | Identified a +0 fire dragon armour (You found it on level 8 of the Lair of Beasts)
 48916 | Depths:2 | Reached skill level 11 in Dodging
 49434 | Depths:2 | Got a bronze scale mail
 49456 | Depths:2 | Identified the +1 scale mail "Xov Alah" {+Fly rF- rN+ Str+4} (You found it on level 2 of the Depths)
 49489 | Depths:2 | Reached skill level 11 in Evocations
 50231 | Depths:2 | Reached skill level 7 in Armour
 50664 | Depths:2 | Reached skill level 8 in Armour
 50731 | Depths:2 | Noticed the Enchantress
 50808 | Depths:2 | Killed the Enchantress
 50839 | Depths:2 | Got a faerie dragon armour
 50850 | Depths:2 | Identified the +6 faerie dragon armour {MR+} (You took it off the Enchantress on level 2 of the Depths)
 50935 | Depths:2 | Received a gift from Okawaru
 50968 | Depths:2 | Reached skill level 9 in Armour
 51063 | Depths:2 | Reached skill level 1 in Staves
 51150 | Depths:2 | Found a bloodstained altar of Trog.
 51153 | Depths:2 | Reached skill level 2 in Staves
 51429 | Depths:3 | Reached skill level 3 in Staves
 51554 | Depths:3 | Reached skill level 4 in Staves
 51649 | Depths:3 | Found a one-way gate to the infinite horrors of the Abyss.
 51719 | Depths:3 | Reached skill level 5 in Staves
 51937 | Depths:3 | Reached skill level 6 in Staves
 52172 | Depths:3 | Received a gift from Okawaru
 52172 | Depths:3 | Reached skill level 7 in Staves
 52172 | Depths:3 | Reached XP level 23. HP: 121/130 MP: 40/40
 52573 | Depths:3 | Noticed a greater mummy
 52596 | Depths:3 | Killed a greater mummy
 52596 | Depths:3 | Received a gift from Okawaru
 52596 | Depths:3 | Reached skill level 8 in Staves
 52636 | Depths:3 | Learned a level 1 spell: Summon Butterflies
 52642 | Depths:3 | Learned a level 5 spell: Phase Shift
 52978 | Depths:4 | Reached skill level 9 in Staves
 53029 | Depths:4 | Got a brightly glowing jade ring
 53031 | Depths:4 | Identified the ring of Aheddaj {MR+ MP+9 Int+4 SInv} (You found it on level 4 of the Depths)
 53221 | Depths:4 | Reached skill level 10 in Staves
 53422 | Depths:4 | Reached skill level 11 in Staves
 54039 | Depths:4 | Found a gateway to a ziggurat.
 54077 | Depths:4 | Received a gift from Okawaru
 54109 | Depths:4 | Reached skill level 12 in Staves
 55404 | Orc:4    | Bought a scroll of enchant weapon for 82 gold pieces
 55404 | Orc:4    | Bought a scroll of enchant weapon for 82 gold pieces
 55523 | Elf:1    | Reached skill level 13 in Staves
 55538 | Elf:1    | Noticed Asterion
 55558 | Elf:1    | Killed Asterion
 55577 | Elf:1    | Got a heavy robe
 55604 | Elf:1    | Identified the +2 robe of Impermeability {Slay+4} (You found it on level 1 of the Elven Halls)
 55735 | Elf:1    | Got a ripped robe
 55746 | Elf:1    | Identified the +1 robe "Rueveusch" {MR+ rCorr Str-5 SInv} (You found it on level 1 of the Elven Halls)
 55766 | Elf:1    | Noticed Frances
 55779 | Elf:1    | Killed Frances
 55784 | Elf:1    | Noticed Sonja
 55811 | Elf:1    | Killed Sonja
 55901 | Elf:1    | Reached XP level 24. HP: 136/136 MP: 41/41
 56380 | Elf:1    | Found a portal to a secret trove of treasure.
 57067 | Orc:4    | Received a gift from Okawaru
 57148 | Elf:1    | You paid a toll of 2 potions of cure mutation to enter a treasure trove
 57149 | Trove    | Entered a treasure trove
 57156 | Trove    | Got a polished cloak
 57167 | Trove    | Identified the +0 cloak of Patterns {rF+ Regen+ rCorr Str-2 Dex+6} (You found it in a treasure trove)
 57182 | Trove    | Got a bloodstained chain mail
 57193 | Trove    | Identified the -3 chain mail of Benevolence {rElec rF- Str+4 SInv Stlth-} (You found it in a treasure trove)
 57210 | Trove    | Got an encrusted helmet
 57221 | Trove    | Identified the +2 helmet of Acvaf {MR- rCorr HP+9 Int+3} (You found it in a treasure trove)
 57223 | Trove    | Got a faintly humming plate armour
 57234 | Trove    | Identified the +13 plate armour of the Harvest Moon {rF+++} (You found it in a treasure trove)
 57249 | Trove    | Got a jewelled helmet
 57260 | Trove    | Identified the +1 helmet "Crisaam" {rPois+ rF- Dex+10} (You found it in a treasure trove)
 57261 | Trove    | Got a shimmering helmet
 57272 | Trove    | Identified the -1 helmet of the Slorg {rF++ MR+ Int-2} (You found it in a treasure trove)
 57281 | Trove    | Got a pair of faintly humming boots
 57292 | Trove    | Identified the -4 pair of boots "Lewuirum" {rElec rF+ Str+5 Int-3} (You found it in a treasure trove)
 58502 | Elf:2    | Reached skill level 14 in Staves
 58547 | Elf:2    | Found a runed gate.
 58548 | Elf:2    | Found a runed gate.
 58549 | Elf:2    | Found a runed gate.
 58813 | Elf:2    | Got a shimmering buckler
 58820 | Elf:2    | Identified the +1 buckler of Sulavy {HP+9 MP+9 Stlth+} (You found it on level 2 of the Elven Halls)
 59098 | Elf:2    | Reached skill level 10 in Armour
 59505 | Elf:3    | Entered Level 3 of the Elven Halls
 59892 | Elf:3    | Reached skill level 11 in Armour
 60242 | Elf:3    | Noticed Saint Roka
 60345 | Elf:3    | Killed Saint Roka
 60395 | Elf:3    | Noticed Jorgrun
 60395 | Elf:3    | Gained mutation: Your magical capacity is low (-10% MP). [mutagenic glow]
 60583 | Elf:3    | Reached skill level 12 in Armour
 60722 | Elf:3    | Received a gift from Okawaru
 60819 | Elf:3    | Killed Jorgrun
 60862 | Elf:3    | Received a gift from Okawaru
 61009 | Elf:3    | Received a gift from Okawaru
 61032 | Elf:3    | Identified a +1 pearl dragon armour (You found it on level 3 of the Elven Halls)
 61083 | Elf:3    | Reached skill level 13 in Armour
 61118 | Elf:3    | Got a translucent golden amulet
 61136 | Elf:3    | Identified the amulet of Thrar {Gourm HP-9 Str+4 Int+4 SInv} (You took it off a deep elf death mage on level 3 of the Elven Halls)
 61196 | Elf:3    | Learned a level 9 spell: Tornado
 61207 | Elf:3    | Learned a level 2 spell: Sure Blade
 61226 | Elf:3    | Identified a +4 lightning rod (12/12) {!a} (You took it off a deep elf summoner on level 3 of the Elven Halls)
 61227 | Elf:3    | Identified a +6 rod of destruction (9/9) {!a} (You took it off a deep elf conjurer on level 3 of the Elven Halls)
 61358 | Elf:3    | Got a glittering copper ring
 61361 | Elf:3    | Identified the ring "Neluocud" {+Fly MR++ Dex-2} (You took it off a deep elf demonologist on level 3 of the Elven Halls)
 61386 | Elf:3    | Got a crude shadow dragon armour
 61397 | Elf:3    | Identified the +10 shadow dragon armour "Peifuzul" {SInv Stlth++++} (You took it off a deep elf priest on level 3 of the Elven Halls)
 63595 | Depths:5 | Entered Level 5 of the Depths
 63606 | Depths:5 | Reached XP level 25. HP: 140/140 MP: 36/36
 63763 | Depths:5 | Reached skill level 14 in Armour
 63873 | Depths:5 | Noticed Frederick
 63919 | Depths:5 | Killed Frederick
 64269 | Depths:5 | Received a gift from Okawaru
 64277 | Depths:5 | Found a gate to the Realm of Zot.
 64326 | Depths:5 | Reached skill level 15 in Armour
 64413 | Depths:5 | Received a gift from Okawaru
 64590 | Depths:5 | Received a gift from Okawaru
 65664 | Vaults:5 | Entered Level 5 of the Vaults
 65685 | Vaults:5 | Noticed Wiglaf
 65741 | Vaults:4 | Reached skill level 16 in Armour
 66122 | Vaults:4 | Killed Wiglaf
 66183 | Vaults:5 | Found Schamo Throwoc's Food Boutique.
 66273 | Vaults:5 | Reached XP level 26. HP: 146/146 MP: 36/36
 66378 | Vaults:5 | Reached skill level 17 in Armour
 66430 | Vaults:5 | Noticed Boris
 66503 | Vaults:5 | Received a gift from Okawaru
 66582 | Vaults:5 | Killed Boris
 66912 | Vaults:5 | Identified the Disquisition on Fiery Arcane Weapons
 66980 | Vaults:5 | Found Ebriw's Magic Scroll Shoppe.
 66980 | Vaults:5 | Found Theitt's Distillery.
 66982 | Vaults:5 | Received a gift from Okawaru
 67006 | Vaults:5 | Bought a potion of beneficial mutation for 525 gold pieces
 67006 | Vaults:5 | Gained mutation: You can spit poison. [potion of beneficial mutation]
 67030 | Vaults:5 | Reached skill level 18 in Armour
 67037 | Vaults:5 | Noticed an ancient lich
 67059 | Vaults:5 | Killed an ancient lich
 67092 | Vaults:5 | Received a gift from Okawaru
 67290 | Vaults:5 | Reached skill level 12 in Dodging
 67406 | Vaults:5 | Got a silver rune of Zot
 67577 | Vaults:5 | Found Woxaulal's Gadget Shoppe.
 67612 | Vaults:5 | Reached skill level 13 in Dodging
 67687 | Vaults:5 | Bought a wand of disintegration (14) for 288 gold pieces
 67989 | Vaults:5 | Noticed an ancient lich
 68019 | Vaults:5 | Killed an ancient lich
 68019 | Vaults:5 | Reached skill level 14 in Dodging
 68019 | Vaults:5 | Reached XP level 27. HP: 122/150 MP: 37/37
 68033 | Vaults:5 | Found Dieprep's Gadget Shoppe.
 68093 | Vaults:5 | Received a gift from Okawaru
 68294 | Vaults:5 | Received a gift from Okawaru
 69195 | Zot:1    | Entered Level 1 of the Realm of Zot
 69235 | Zot:1    | Got an encrusted scale mail
 69248 | Zot:1    | Identified the cursed +0 scale mail "Obotse" {rF+ rC+ Dex+2} (You found it on level 1 of the Realm of Zot)
 69453 | Zot:1    | Reached skill level 15 in Dodging
 69599 | Zot:1    | Noticed an orb of fire
 69608 | Zot:1    | Lost mutation: You are robust (+10% HP). [an orb of fire]
 69634 | Zot:1    | Killed an orb of fire
 70439 | Zot:2    | Reached skill level 16 in Charms
 70752 | Zot:2    | Noticed an orb of fire
 70790 | Zot:1    | Killed an orb of fire
 70911 | Zot:2    | Received a gift from Okawaru
 70915 | Zot:2    | Got an ominously black robe {god gift}
 70926 | Zot:2    | Identified the +0 robe of Itugytio {-Cast -Tele rElec rPois+ Regen+} (Okawaru gifted it to you on level 2 of the Realm of Zot)
 70954 | Zot:2    | Reached skill level 17 in Charms
 71131 | Zot:2    | Reached skill level 15 in Air Magic
 71506 | Zot:2    | Reached skill level 16 in Air Magic
 72159 | Zot:3    | Reached skill level 17 in Air Magic
 72815 | Zot:4    | Received a gift from Okawaru
 72964 | Zot:4    | Reached skill level 18 in Air Magic
 73089 | Zot:4    | Noticed an orb of fire
 73091 | Zot:4    | Received a gift from Okawaru
 73268 | Zot:4    | Gained mutation: You have difficulty communicating with the divine. [an orb of fire]
 73293 | Zot:4    | Killed an orb of fire
 73593 | Zot:4    | Reached skill level 19 in Air Magic
 73639 | Zot:5    | Entered Level 5 of the Realm of Zot
 73810 | Zot:5    | Noticed an orb of fire
 73833 | Zot:5    | Killed an orb of fire
 74183 | Zot:5    | Noticed an orb of fire
 74203 | Zot:5    | Reached skill level 20 in Air Magic
 74431 | Zot:5    | Noticed an orb of fire
 74432 | Zot:5    | Gained mutation: You are dopey. (Int -2) [an orb of fire]
 74433 | Zot:5    | Noticed an orb of fire
 74455 | Zot:5    | Killed an orb of fire
 74468 | Zot:5    | Killed an orb of fire
 74502 | Zot:5    | Noticed an orb of fire
 74508 | Zot:5    | Reached skill level 21 in Air Magic
 74527 | Zot:5    | Killed an orb of fire
 74564 | Zot:5    | Noticed an ancient lich
 74630 | Zot:5    | Noticed an ancient lich
 74638 | Zot:5    | Killed an ancient lich
 74652 | Zot:5    | Killed an ancient lich
 74676 | Zot:5    | Noticed an orb of fire
 74695 | Zot:5    | Gained mutation: Space occasionally distorts in your vicinity. [an orb of fire]
 74708 | Zot:5    | Killed an orb of fire
 74768 | Zot:5    | Reached skill level 22 in Air Magic
 74797 | Zot:5    | Received a gift from Okawaru
 74832 | Zot:5    | Noticed an ancient lich
 74858 | Zot:5    | Noticed an ancient lich
 74863 | Zot:5    | Killed an ancient lich
 74871 | Zot:5    | Noticed an orb of fire
 74879 | Zot:5    | Killed an orb of fire
 74894 | Zot:5    | Killed an orb of fire
 74909 | Zot:5    | Noticed an ancient lich
 74920 | Zot:5    | Killed an ancient lich
 74920 | Zot:5    | Reached skill level 23 in Air Magic
 75047 | Zot:5    | Killed an ancient lich
 75786 | Lair:1   | Lost mutation: Your magical capacity is low (-10% MP). [potion of cure mutation]
 75786 | Lair:1   | Lost mutation: You have difficulty communicating with the divine. [potion of cure mutation]
 75786 | Lair:1   | Lost mutation: Space occasionally distorts in your vicinity. [potion of cure mutation]
 75786 | Lair:1   | Lost mutation: You are dopey. (Int -2) [potion of cure mutation]
 75786 | Lair:1   | Lost mutation: You can spit poison. [potion of cure mutation]
 76034 | Slime:1  | Entered Level 1 of the Pits of Slime
 76121 | Slime:2  | Received a gift from Okawaru
 76223 | Slime:6  | Entered Level 6 of the Pits of Slime
 76334 | Slime:6  | Reached skill level 24 in Air Magic
 76618 | Slime:6  | Found a viscous altar of Jiyva.
 76620 | Slime:6  | Noticed the royal jelly
 76630 | Slime:6  | Killed the royal jelly
 76842 | Slime:6  | Identified a cursed +4 lightning rod (11/11) (You found it on level 6 of the Pits of Slime)
 76857 | Slime:6  | Got a slimy rune of Zot
 76890 | Slime:6  | Got a pitted ring mail
 76901 | Slime:6  | Identified the cursed -2 ring mail of Qazlal's Envy {rElec rCorr HP+9} (You found it on level 6 of the Pits of Slime)
 77380 | D:8      | Fell from the grace of Okawaru
 77380 | D:8      | Became a worshipper of the Shining One
 77697 | Crypt:1  | Entered Level 1 of the Crypt
 77896 | Crypt:1  | Acquired the Shining One's first power
 77971 | Crypt:1  | Got an encrusted leather armour
 78019 | Crypt:1  | Acquired the Shining One's second power
 78315 | Crypt:1  | Acquired the Shining One's third power
 78375 | Crypt:2  | Reached skill level 25 in Air Magic
 79581 | Crypt:2  | Acquired the Shining One's fourth power
 79774 | Crypt:2  | Reached skill level 13 in Spellcasting
 79836 | Crypt:2  | Identified a +0 rod of ignition (9/9) (You found it on level 2 of the Crypt)
 79995 | Crypt:3  | Entered Level 3 of the Crypt
 80375 | Crypt:3  | Reached skill level 14 in Spellcasting
 80390 | Crypt:3  | Found an ancient bone altar of Kikubaaqudgha.
 80390 | Crypt:3  | Noticed an ancient lich
 80403 | Crypt:3  | Killed an ancient lich
 80751 | Crypt:3  | Found a staircase to the Tomb.
 80817 | Crypt:3  | Reached skill level 15 in Spellcasting
 80983 | Crypt:3  | Identified a +4 rod of destruction (14/14) (You found it on level 3 of the Crypt)
 81279 | Crypt:3  | Identified the Reference Book on Necromancy
 81689 | Depths:3 | Voluntarily entered the Abyss.
 81798 | Abyss:1  | Identified a scroll of acquirement
 81809 | Abyss:1  | Got a polished cloak
 81820 | Abyss:1  | Identified the +4 cloak of Melancholy {rN+} (You acquired it on level 1 of the Abyss)
 81832 | Abyss:1  | Found a corrupted altar of Lugonu.
 82703 | Abyss:3  | Found a sacrificial altar of Ru.
 83180 | Abyss:3  | Got an abyssal rune of Zot
 83259 | Abyss:3  | Reached skill level 26 in Air Magic
 83441 | Depths:3 | Escaped the Abyss
 84294 | Pan      | Entered Pandemonium
 84423 | Pan      | Was forgiven by Okawaru
 84620 | Pan      | Noticed Briax the pandemonium lord
 84661 | Pan      | Killed Briax the pandemonium lord
 84799 | Pan      | Reached skill level 16 in Spellcasting
 85103 | Pan      | Reached skill level 17 in Spellcasting
 85266 | Pan      | Found a runed door.
 85272 | Pan      | Found a runed door.
 85273 | Pan      | Found a runed door.
 85280 | Pan      | Found a runed door.
 85304 | Pan      | Noticed Yxkeibeu the pandemonium lord
 85312 | Pan      | Found a gateway to a ziggurat.
 85326 | Pan      | Killed Yxkeibeu the pandemonium lord
 85338 | Zig:1    | Entered Level 1 of a ziggurat
 85362 | Zig:2    | Entered Level 2 of a ziggurat
 85581 | Zig:3    | Entered Level 3 of a ziggurat
 85622 | Zig:3    | Identified Gracs' Collected Works on Transmutation
 85638 | Zig:4    | Entered Level 4 of a ziggurat
 85938 | Zig:5    | Entered Level 5 of a ziggurat
 86189 | Zig:6    | Entered Level 6 of a ziggurat
 86223 | Zig:6    | Reached skill level 18 in Spellcasting
 86251 | Zig:6    | Identified a wand of hasting
 86274 | Zig:6    | Learned a level 6 spell: Conjure Ball Lightning
 86486 | Zig:7    | Entered Level 7 of a ziggurat
 86767 | Zig:8    | Entered Level 8 of a ziggurat
 86845 | Zig:8    | Got a translucent emerald amulet
 86988 | Zig:9    | Entered Level 9 of a ziggurat
 87059 | Zig:9    | Identified a potion of experience
 87061 | Zig:9    | Identified the amulet of the Pure Suns {rMut Int+5} (You found it on level 8 of a ziggurat)
 87277 | Zig:10   | Entered Level 10 of a ziggurat
 87372 | Zig:10   | Reached skill level 27 in Air Magic
 87394 | Zig:10   | Got a bound copper ring
 87396 | Zig:10   | Identified the ring "Miewkokh" {SustAb rC- rN- HP+9 MP+9 Int+7} (You found it on level 10 of a ziggurat)
 87620 | Zig:10   | Gained mutation: You are frail (-10% HP). [mutagenic glow]
 87624 | Zig:11   | Entered Level 11 of a ziggurat
 87709 | Zig:11   | Got a slimy amber ring
 87713 | Zig:11   | Identified the ring of Ijutsogu {rElec rPois+ rN+ Dex+3 SInv} (You found it on level 11 of a ziggurat)
 87860 | Zig:12   | Entered Level 12 of a ziggurat
 87921 | Zig:12   | Reached skill level 19 in Spellcasting
 88157 | Zig:13   | Entered Level 13 of a ziggurat
 88184 | Zig:13   | Reached skill level 20 in Spellcasting
 88197 | Zig:13   | Lost mutation: You are frail (-10% HP). [potion of cure mutation]
 88254 | Zig:13   | Identified a +2 rod of clouds (14/14) (You found it on level 13 of a ziggurat)
 88257 | Zig:14   | Entered Level 14 of a ziggurat
 88417 | Zig:14   | Reached skill level 21 in Spellcasting
 88606 | Zig:15   | Entered Level 15 of a ziggurat
 88673 | Zig:15   | Got a pitted granite ring
 88704 | Zig:15   | Identified the Almanac of the Arsonist (You found it on level 15 of a ziggurat)
 88763 | Zig:15   | Identified the ring of the Pure Moons {MR+ Int+2 Dex+3} (You found it on level 15 of a ziggurat)
 88882 | Zig:16   | Entered Level 16 of a ziggurat
 88921 | Zig:16   | Reached skill level 22 in Spellcasting
 88945 | Zig:16   | Got a ring of the Octopus King
 88950 | Zig:16   | Identified a ring of the Octopus King {rF+ AC+1 EV+1 Str+1 Int+1 Dex+1} (You found it on level 16 of a ziggurat)
 89036 | Zig:16   | Identified a +8 rod of inaccuracy (14/14) (You found it on level 16 of a ziggurat)
 89146 | Zig:17   | Entered Level 17 of a ziggurat
 89215 | Zig:17   | Got a steaming silver ring
 89217 | Zig:17   | Identified the cursed ring of Anarchy {rElec MP+9 Int-3 Stlth-} (You found it on level 17 of a ziggurat)
 89301 | Zig:17   | Got a silken robe
 89312 | Zig:17   | Identified the +1 robe "Shanycaj" {rPois+ rN+ rCorr Dex-5} (You found it on level 17 of a ziggurat)
 89321 | Zig:17   | Got a sapphire-studded leather armour
 89327 | Zig:17   | Identified the +0 leather armour "Qiati" {Slay+2} (You found it on level 17 of a ziggurat)
 89451 | Zig:18   | Entered Level 18 of a ziggurat
 89471 | Zig:18   | Noticed Uniezxal the pandemonium lord
 89473 | Zig:18   | Noticed Puikhlaxum the pandemonium lord
 89474 | Zig:18   | Noticed Shroac the pandemonium lord
 89474 | Zig:18   | Noticed Shrijahinn the pandemonium lord
 89474 | Zig:18   | Noticed Giman the pandemonium lord
 89475 | Zig:18   | Noticed Straugi the pandemonium lord
 89490 | Zig:18   | Killed Puikhlaxum the pandemonium lord
 89492 | Zig:18   | Paralysed by you for 6 turns
 89498 | Zig:18   | HP: 9/137 [glowing shapeshifter simulacrum[Shroac] (25)]
 89499 | Zig:18   | HP: 3/137 [Uniezxal the pandemonium lord/bolt of poison (6)]
 89500 | Zig:18   | Succumbed to Uniezxal's bolt of poison

Vanquished Creatures
  the royal jelly (Slime:6)
  10 orbs of fire
  8 ancient liches
  3 pandemonium lords
  4 greater mummies
  Boris (Vaults:5)
  6 caustic shrikes (Depths:5)
  Norris (Swamp:2)
  Saint Roka (Elf:3)
  13 Killer Klowns
  A curse toe (Zot:5)
  Mara (Snake:3)
  10 golden dragons
  Jory (Vaults:3)
  3 bone dragons
  Frederick (Depths:5)
  the Enchantress (Depths:2)
  Nikola (Swamp:2)
  2 electric golems (Zot:5)
  A hellephant (Zot:2)
  2 Hell Sentinels
  2 Ice Fiends (Pan)
  25 Orb Guardians (Zot:5)
  Vashnia (Snake:4)
  15 tentacled monstrosities
  14 liches
  5 deep elf blademasters
  12 titans
  A Shadow Fiend (Pan)
  Asterion (Elf:1)
  6 tentacled starspawn
  14 deep elf master archers
  3 quicksilver dragons (Vaults:5)
  7 sphinxes
  18 acid blobs
  5 Executioners
  Rupert (D:14)
  Agnes (Snake:1)
  The ghost of vatarom the Eclecticist, a mighty DrCj of Vehumet (Swamp:5)
  9 shadow dragons
  Kirke (Swamp:1)
  A thorn hunter (Swamp:5)
  Frances (Elf:1)
  6 tengu reavers
  18 storm dragons
  A blood saint (Pan)
  Roxanne (Snake:4)
  33 large abominations
  A revenant (Crypt:1)
  6 draconian monks
  21 fire giants
  8 azure jellies
  Wiglaf (Vaults:4)
  14 greater nagas
  5 deep elf sorcerers
  An iron dragon (Vaults:5)
  2 ghost moths
  7 draconian knights
  20 vault wardens
  4 draconian scorchers
  15 frost giants
  Aizul (Swamp:2)
  Louise (Vaults:4)
  4 draconian zealots
  7 orc warlords
  2 balrugs
  A curse skull (Crypt:1)
  9 ghouls
  An emperor scorpion (shapeshifter) (Depths:2)
  8 emperor scorpions
  4 cacodemons (Pan)
  7 war gargoyles
  8 draconian annihilators
  Jorgrun (Elf:3)
  34 stone giants
  A caustic shrike skeleton (Zig:17)
  16 ironheart preservers
  The ghost of B1inky the Spry, a powerful OpTm of Gozag (Lair:8)
  5 reapers
  4 spriggan defenders (Depths:2)
  18 very ugly things
  5 draconian shifters
  2 draconian callers
  6 grey draconians
  4 black draconians
  6 bennus (Zig:14)
  8 green draconians
  17 deep elf annihilators
  A corrupter (Pan)
  12 deep elf demonologists
  A dire elephant (shapeshifter) (Zig:10)
  5 pale draconians
  6 dire elephants
  3 chaos champions
  9 red draconians
  7 yellow draconians
  10 white draconians
  7 vampire knights
  4 mottled draconians
  32 vault guards
  5 purple draconians
  2 eidola
  2 black suns (Pan)
  15 ettins
  2 merfolk javelineers (Zig:13)
  3 jiangshi (Depths:3)
  16 deep elf death magi
  Snorg (Swamp:2)
  3 crystal guardians (Crypt:3)
  5 death oozes
  2 blizzard demons
  7 minotaurs
  3 mummy priests (Zig:14)
  22 yaktaur captains
  14 fire dragons
  12 great orbs of eyes
  Josephine (Swamp:1)
  4 green deaths
  2 quicksilver dragon zombies (Crypt:3)
  11 deep elf high priests
  7 death cobs
  2 great orbs of eyes (shapeshifter)
  25 hydras
  8 rakshasas
  10 centaur warriors
  8 spriggan air magi
  13 ice dragons
  14 naga warriors
  2 monstrous demonspawn (Pan)
  4 ghost crabs
  21 dancing weapons
  18 ogre magi
  13 alligators
  3 vampire magi
  17 deep troll earth magi
  10 deep troll shamans
  3 tengu warriors
  The ghost of B1inky the Martial Artist, a powerful GrTm of Ru (D:10)
  9 anacondas
  22 death yaks
  A hell beast (Pan)
  A hell hog (Abyss:3)
  8 spriggan berserkers
  6 orc high priests
  5 thrashing horrors
  A titan zombie (Depths:3)
  13 shock serpents
  2 storm dragon zombies
  2 fire crabs
  5 sun demons
  31 naga sharpshooters
  A catoblepas (Lair:8)
  41 deep elf knights
  49 spriggans
  2 shadow wraiths
  13 hell knights
  7 wretched stars
  An ice devil (Pan)
  29 skeletal warriors
  7 soul eaters
  2 shadow demons
  A salamander mystic (Zig:16)
  12 iron trolls
  2 spatial maelstroms
  2 golden dragon zombies
  2 storm dragon skeletons
  3 death drakes
  A shambling mangrove (Swamp:5)
  11 spriggan druids
  6 death scarabs (Zig:14)
  15 swamp dragons
  43 deep trolls
  5 unseen horrors
  10 wizards
  6 giant orange brains
  4 anubis guards (Zig:14)
  A golden dragon skeleton (Crypt:1)
  2 shadow dragon zombies (Crypt:1)
  6 flayed ghosts
  A putrid demonspawn (Pan)
  7 naga ritualists
  20 deep elf summoners
  An infernal demonspawn (Pan)
  A tengu zombie (Zig:14)
  12 hill giants
  4 gelid demonspawn
  32 orc knights
  6 torturous demonspawn
  An anubis guard (shapeshifter) (Depths:1)
  A harpy (shapeshifter) (D:13)
  5 harpies (Vaults:3)
  38 deep elf conjurers
  An anaconda skeleton (Crypt:3)
  An iron dragon zombie (Zig:14)
  4 shining eyes
  A manticore (D:15)
  14 necromancers
  5 fire giant zombies
  9 mana vipers
  A stone giant zombie (Vaults:1)
  5 wolf spiders
  13 phantasmal warriors
  A faun (shapeshifter) (Vaults:5)
  40 ugly things
  A griffon (Vaults:3)
  A draconian zombie (Zot:1)
  A salamander (shapeshifter) (Vaults:4)
  9 ironbrand convokers
  4 cyclopes
  35 moths of wrath
  6 sixfirhies
  8 salamanders
  An octopode (shapeshifter) (Depths:4)
  13 orc sorcerers
  An iron dragon skeleton (Crypt:3)
  9 elephants
  3 worldbinders
  A black mamba (shapeshifter) (Vaults:1)
  2 fire giant skeletons
  31 naga magi
  7 apocalypse crabs
  3 hornets
  2 rust devils
  An elf zombie (Zig:12)
  A spriggan zombie (Depths:3)
  37 black mambas
  9 guardian serpents
  2 gargoyles
  16 smoke demons
  A stone giant skeleton (Crypt:3)
  A torpor snail (Lair:3)
  A spiny frog (shapeshifter) (Vaults:4)
  11 vault sentinels
  An eye of devastation (Slime:2)
  6 orange demons
  A storm dragon simulacrum (Zig:12)
  7 hellwings
  40 yaktaurs
  An alligator snapping turtle skeleton (Crypt:1)
  A green draconian zombie (Depths:5)
  6 efreet
  A yellow draconian zombie (Crypt:1)
  An elf (shapeshifter) (Vaults:4)
  5 hellions
  4 kobold demonologists
  6 human zombies
  8 ancient zymes
  9 guardian mummies
  11 komodo dragons
  A redback zombie (D:15)
  21 spiny frogs
  4 demonic crawlers
  2 komodo dragons (shapeshifter)
  4 tormentors
  24 small abominations
  5 red devils
  4 tengu conjurers
  18 trolls
  A jumping spider (shapeshifter) (Depths:4)
  A ghoul skeleton (Vaults:4)
  33 deep elf priests
  4 fire drakes
  28 two-headed ogres
  3 blue devils
  2 yaktaur skeletons
  A catoblepas zombie (Crypt:1)
  21 polar bears
  A polar bear (shapeshifter) (Vaults:3)
  Sonja (Elf:1)
  A wind drake (shapeshifter) (Vaults:3)
  9 giant leeches
  A harpy skeleton (Crypt:1)
  4 freezing wraiths
  A silent spectre (Abyss:2)
  7 boulder beetles
  2 jumping spiders
  A hydra skeleton (Swamp:1)
  A moth of wrath zombie (Zot:1)
  21 ravens
  An alligator zombie (Crypt:2)
  18 bog bodies
  11 air elementals
  2 fire dragon zombies
  An ushabti (Zig:14)
  A frost giant simulacrum (Vaults:1)
  6 basilisks
  2 ice dragon zombies (Crypt:3)
  A snapping turtle (shapeshifter) (Vaults:5)
  A baby alligator (shapeshifter) (Zig:17)
  12 raiju
  42 flying skulls
  45 slime creatures
  20 blink frogs
  A redback (Elf:1)
  62 deep elf magi
  3 ettin skeletons
  A fire dragon skeleton (Crypt:1)
  A stone giant simulacrum (Vaults:3)
  A fire bat (Zig:17)
  A tarantella (Elf:1)
  12 shadows
  4 hungry ghosts
  An orc simulacrum (Vaults:3)
  6 vampires
  2 wyverns
  32 humans
  5 wraiths
  A black mamba skeleton (Crypt:1)
  A golden eye (Abyss:3)
  16 neqoxecs
  14 ynoxinuls
  20 fire elementals (Zot:4)
  25 wolves
  2 elf skeletons
  A hippogriff (shapeshifter) (Vaults:5)
  3 steam dragons (Lair:8)
  5 chaos spawn
  A wandering mushroom (Lair:8)
  6 hippogriffs
  58 vampire mosquitoes
  59 deep elf fighters
  A soldier ant (shapeshifter) (Elf:3)
  A soldier ant (D:7)
  A spectral spiny frog (Swamp:4)
  52 nagas
  2 spatial vortices (Abyss:3)
  54 yaks
  10 insubstantial wisps
  3 mottled dragons
  9 wargs
  13 porcupines
  24 swamp worms
  41 water moccasins
  A putrid demonspawn skeleton (Crypt:1)
  A water moccasin (shapeshifter) (D:14)
  14 necrophages
  A spiny frog zombie (Crypt:1)
  2 hell hounds (Depths:4)
  15 ice beasts
  2 spiders (Lair:8)
  A black bear (D:9)
  19 boggarts
  3 phantoms
  2 sky beasts
  2 snapping turtle zombies
  A tengu (shapeshifter) (Depths:2)
  17 centaurs
  23 wasps
  17 swamp drakes
  5 eyes of draining
  68 ogres
  An orc skeleton (Vaults:1)
  3 boring beetles
  6 human skeletons
  84 orc warriors
  2 swamp dragon skeletons
  Sigmund (D:5)
  31 crocodiles
  4 brain worms (Depths:4)
  An octopode zombie (Crypt:2)
  6 big kobolds
  31 giant frogs
  A vine stalker zombie (Crypt:2)
  A spiny frog simulacrum (Swamp:1)
  A water moccasin zombie (D:10)
  A warg zombie (Orc:3)
  A water moccasin skeleton (Swamp:1)
  2 wyvern skeletons
  2 scorpions
  A blink frog simulacrum (Swamp:1)
  A hippogriff skeleton (Crypt:2)
  10 killer bees
  A spectral giant frog (Swamp:5)
  10 starcursed masses
  9 crimson imps
  13 hounds
  4 centaur skeletons
  4 iron imps
  A centaur zombie (D:5)
  17 jellies
  9 hell rats
  50 orc priests
  4 giant frog skeletons
  16 worker ants
  Natasha (twice) (D:5)
  12 iguanas
  A spectral killer bee (Swamp:5)
  3 quasits
  35 orc wizards
  An elf simulacrum (Vaults:5)
  A hound zombie (D:6)
  A naga skeleton (Crypt:2)
  A necrophage skeleton (Zig:12)
  Terence (Vaults:4)
  A worker ant zombie (D:11)
  15 mummies
  35 adders
  7 gnolls
  25 river rats
  A swamp drake skeleton (Swamp:1)
  3 white imps
  A giant mite (D:6)
  A steam dragon skeleton (Crypt:1)
  6 shadow imps
  2 worms
  2 giant eyeballs
  14 ufetubi
  An adder skeleton (D:7)
  10 giant geckos
  257 orcs
  7 bat skeletons
  2 bat zombies
  8 giant cockroaches
  31 goblins
  21 hobgoblins
  12 jackals
  25 kobolds
  7 ball pythons
  25 bats
  A giant gecko skeleton (Crypt:2)
  2 giant newts
  3 giant spores
  A kobold skeleton (Abyss:3)
  3 lurking horrors
  7 orc zombies
  10 quokkas
  A quokka skeleton (D:8)
  28 rats
  A rat skeleton (Sewer)
  A rat zombie (D:10)
  10 ballistomycetes
  2 bushes (Depths:2)
  7 crawling corpses
  A fungus (Elf:3)
  2 plants
  6 starspawn tentacles
4040 creatures vanquished.

Vanquished Creatures (others)
  A greater naga (Zig:16)
  An ettin (Zig:11)
  A naga sharpshooter (Zig:13)
  A shock serpent (Zig:16)
  A deep elf conjurer (Elf:1)
  A black mamba (Zig:16)
  A naga mage (Zig:16)
  A flying skull (Crypt:3)
  An air elemental (Depths:5)
  A ynoxinul (Pan)
  A deep elf mage (Elf:3)
  A redback (Elf:1)
  3 humans (Swamp:1)
  2 deep elf fighters
  A neqoxec (Abyss:3)
  A small abomination (Zig:17)
  An insubstantial wisp (Zig:7)
  A water moccasin (Zig:7)
  2 boggarts
  An ogre (Vaults:4)
  A centaur (Zig:13)
  11 lost souls
  A human zombie (Abyss:3)
  An orc wizard (D:13)
  A hell rat (Elf:1)
  An adder (Lair:2)
  8 ufetubi
  3 giant spores
  11 bushes (Depths:5)
  16 fungi
  7 plants
  7 starspawn tentacles
  67 starspawn tentacle segments
159 creatures vanquished.

Grand Total: 4199 creatures vanquished
